Minnesota North Stars vs Boston Bruins
Created - Sunday, May 26, 2024 at 06:53
Goals
|
| Minnesota North Stars |
0 |
0 |
1 |
1 |
| Boston Bruins |
1 |
1 |
5 |
7 |
|
Shots
|
| Minnesota North Stars |
8 |
10 |
8 |
26 |
| Boston Bruins |
9 |
12 |
20 |
41 |
|
1st period
1. Boston Bruins , Brandon Hagel 35 (Pavel Zacha 43) at 11:45
Penalties :
Brandon Montour (MNS) for Holding (Minor) at 13:21, Evgeni Malkin (MNS) for High sticking (Minor) at 18:43
2nd period
2. Boston Bruins , Luke Kunin 14 (John-Jason Peterka 16, Pyotr Kochetkov) at 15:05
Penalties :
Otto Koivula (BOS) for Interference (Minor) at 6:33, Neal Pionk (MNS) for Holding (Minor) at 19:33
3rd period
3. Boston Bruins , Joe Veleno 7 (Tyson Barrie 23, Ryan Donato 16) at 1:58
4. Boston Bruins , Charlie McAvoy 5 (Tyson Barrie 24) at 7:48 (PP)
5. Minnesota North Stars , Evgeni Malkin 23 (Ryan Nugent-Hopkins 49) at 8:29 (PP)
6. Boston Bruins , Tyson Barrie 7 (Luke Kunin 23, David Krejci 32) at 12:01 (PP)
7. Boston Bruins , David Krejci 29 (Charlie McAvoy 29) at 12:07
8. Boston Bruins , David Krejci 30 (Charlie McAvoy 30, Luke Kunin 24) at 19:06 (PP)
Penalties :
Luke Kunin (BOS) for Hooking (Minor) at 4:00, Sean Durzi (MNS) for Holding (Minor) at 7:31, Luke Kunin (BOS) for Roughing (Double Minor) at 8:22, Evan Rodrigues (MNS) for Tripping (Minor) at 10:45, Charlie McAvoy (BOS) for Hooking (Minor) at 14:18, Stuart Skinner (MNS) for Delaying the game (Minor) at 18:50 - Neal Pionk served the penalty
Goalie Stats
Stuart Skinner (MNS), 34 saves from 41 shots - (0.829), L, 21-15-5, 60:00 minutes
Pyotr Kochetkov (BOS), 25 saves from 26 shots - (0.962), W, 13-17-6, 60:00 minutes
Players Stats for Minnesota North Stars
Player Name G A P +/- PIM S H SB GA TA FO MP PP MP PK MP
------------------------------------------------------------------------------------
Adam Lowry 0 0 0 -2 0 0 3 0 0 1 1/3 15:56 0:00 3:44
Brandon Montour 0 0 0 -1 2 1 0 3 0 0 0/0 18:20 4:07 0:00
Brock Nelson 0 0 0 0 0 0 1 0 0 0 0/0 16:36 4:03 0:00
Eeli Tolvanen 0 0 0 0 0 3 0 0 0 0 1/1 8:05 0:00 0:00
Evan Rodrigues 0 0 0 0 2 1 1 0 0 0 0/0 8:04 0:00 0:00
Evgeni Malkin 1 0 1 -2 2 5 3 1 0 0 12/19 15:25 4:00 0:00
Frank Vatrano 0 0 0 -2 0 0 0 0 0 0 0/1 15:07 4:00 0:00
Gustav Forsling 0 0 0 -1 0 0 1 4 0 0 0/0 21:54 3:56 3:53
Jack Hughes 0 0 0 -2 0 3 0 0 0 0 4/13 15:56 4:03 0:00
Jamie Oleksiak 0 0 0 -3 0 0 0 2 0 0 0/0 18:32 0:00 3:53
Jeff Skinner 0 0 0 0 0 3 2 0 0 1 0/1 16:36 4:03 0:00
Jonathan Toews 0 0 0 0 0 2 1 0 0 0 9/13 12:21 0:00 4:02
Neal Pionk 0 0 0 0 2 0 0 0 0 0 0/0 18:30 0:00 3:00
Rasmus Dahlin 0 0 0 -3 0 3 2 3 2 0 0/0 22:47 4:07 3:53
Ryan Nugent-Hopkins 0 1 1 0 0 4 1 0 1 0 10/14 20:48 4:00 3:44
Sean Durzi 0 0 0 0 2 0 4 2 0 0 0/0 20:13 3:56 0:53
Viktor Arvidsson 0 0 0 -2 0 1 1 1 1 0 0/0 11:53 0:00 0:00
Zach Parise 0 0 0 -2 0 0 0 1 0 1 1/2 15:06 0:00 4:02
Players Stats for Boston Bruins
Player Name G A P +/- PIM S H SB GA TA FO MP PP MP PK MP
------------------------------------------------------------------------------------
Anthony Beauvillier 0 0 0 1 0 1 0 0 1 1 1/2 20:05 3:40 4:04
Brandon Hagel 1 0 1 1 0 5 0 1 0 1 4/6 19:56 3:40 3:55
Cam York 0 0 0 0 0 3 0 2 0 0 0/0 22:39 3:37 3:38
Charlie McAvoy 1 2 3 3 2 7 2 1 1 1 0/0 24:18 4:09 3:44
Curtis Hall 0 0 0 0 0 1 1 0 0 0 1/4 9:41 0:00 0:00
David Krejci 2 1 3 1 0 5 3 2 0 0 14/26 20:09 4:06 4:04
Jack Studnicka 0 0 0 0 0 2 0 0 1 0 0/0 9:41 0:00 0:00
Joe Veleno 1 0 1 2 0 2 0 0 0 0 0/0 10:14 0:00 0:04
John-Jason Peterka 0 1 1 1 0 2 0 1 0 0 1/1 16:05 4:06 0:00
Luke Kunin 1 2 3 1 6 1 4 1 0 0 0/2 16:12 4:06 0:00
Matt Grzelcyk 0 0 0 1 0 1 1 3 0 0 0/0 12:21 0:00 0:00
Morgan Geekie 0 0 0 2 0 0 1 0 0 0 0/0 10:01 0:00 0:00
Otto Koivula 0 0 0 0 2 2 1 0 0 0 0/0 9:40 0:00 0:00
Pavel Zacha 0 1 1 1 0 0 2 3 0 0 6/18 19:56 3:40 3:55
Ryan Donato 0 1 1 2 0 1 2 0 0 0 2/8 10:14 0:00 0:04
Samuel Bolduc 0 0 0 1 0 1 0 1 0 0 0/0 13:02 0:00 0:41
Samuel Girard 0 0 0 0 0 0 0 1 0 0 0/0 22:39 3:37 3:38
Tyson Barrie 1 2 3 3 0 7 0 1 0 1 0/0 25:00 4:09 4:25
3 Stars
1 - David Krejci (BOS)
2 - Tyson Barrie (BOS)
3 - Charlie McAvoy (BOS)
Power Play
Minnesota North Stars - 1 on 5 Attempt(s) - 20.00%
Boston Bruins - 3 on 6 Attempt(s) - 50.00%
Penalty Kill
Minnesota North Stars - 3 on 6 Attempt(s) - 50.00%
- Score 0 goal in Penalty Kill
Boston Bruins - 4 on 5 Attempt(s) - 80.00%
- Score 0 goal in Penalty Kill
Team Stat
Minnesota North Stars - Hits : 20 - Faceoff Wins : 38 - Blocked Shots : 17 - Penalty Minutes : 12
Boston Bruins - Hits : 17 - Faceoff Wins : 29 - Blocked Shots : 17 - Penalty Minutes : 10
Official
Referees : Ian Walsh and Kendrick Nicholson
Linesman : Jonny Murray and Brad Kovachik
Game Notes
No Game Note
Finance
Level 1 -- Attendance: 4340 (72.33%) -- Ticket Income $434,000
Level 2 -- Attendance: 3289 (65.78%) -- Ticket Income $197,340
Level 3 -- Attendance: 2257 (75.23%) -- Ticket Income $78,995
Level 4 -- Attendance: 3223 (64.46%) -- Ticket Income $80,575
Luxury Box -- Attendance: 690 (69.00%) -- Ticket Income $138,000
Game was played at the TD Garden.
Total Attendance: 13799 (69.00%)
Total Ticket Income: $928,910
Other Income: $325,118
Total Income: $1,254,028
Minnesota North Stars
5 vs 5 Forward
Center Left Wing Right Wing Time % Phy DF OF
1 Ryan Nugent-Hopkins Brock Nelson Jeff Skinner 30 1 2 2
2 Evgeni Malkin Frank Vatrano Zach Parise 29 1 2 2
3 Jack Hughes Viktor Arvidsson Adam Lowry 29 1 2 2
4 Jonathan Toews Evan Rodrigues Eeli Tolvanen 12 1 2 2
5 vs 5 Defense
Defense Defense Time % Phy DF OF
1 Rasmus Dahlin Jamie Oleksiak 34 1 3 1
2 Brandon Montour Gustav Forsling 33 1 3 1
3 Neal Pionk Sean Durzi 33 1 3 1
4 Rasmus Dahlin Brandon Montour 0 1 3 1
PowerPlay Forward
Center Left Wing Right Wing Time % Phy DF OF
1 Jack Hughes Brock Nelson Jeff Skinner 50 1 1 3
2 Evgeni Malkin Ryan Nugent-Hopkins Frank Vatrano 50 1 1 3
PowerPlay Defense
Defense Defense Time % Phy DF OF
1 Rasmus Dahlin Brandon Montour 50 1 2 2
2 Sean Durzi Gustav Forsling 50 1 2 2
Penalty Kill 4 Players Forward
Center Wing Time % Phy DF OF
1 Jonathan Toews Zach Parise 50 2 2 1
2 Adam Lowry Ryan Nugent-Hopkins 50 2 2 1
Penalty Kill 4 Players Defense
Defense Defense Time % Phy DF OF
1 Rasmus Dahlin Jamie Oleksiak 50 2 2 1
2 Neal Pionk Gustav Forsling 50 2 2 1
Penalty Kill - 3 Players Forward
Forward Time % Phy DF OF
1 Ryan Nugent-Hopkins 50 1 3 1
2 Evgeni Malkin 50 1 3 1
Penalty Kill - 3 Players Defense
Defense Defense Time % Phy DF OF
1 Rasmus Dahlin Jamie Oleksiak 50 2 2 1
2 Neal Pionk Gustav Forsling 50 2 2 1
4 vs 4 Forward
Center Wing Time % Phy DF OF
1 Ryan Nugent-Hopkins Evgeni Malkin 50 1 2 2
2 Jack Hughes Jeff Skinner 50 1 2 2
4 vs 4 Defense
Defense Defense Time % Phy DF OF
1 Rasmus Dahlin Jamie Oleksiak 50 1 2 2
2 Brandon Montour Gustav Forsling 50 1 2 2
Last Minutes Offensive
Center Left Wing Right Wing Defense Defense
Ryan Nugent-Hopkins Brock Nelson Jeff Skinner Rasmus Dahlin Brandon Montour
Last Minutes Defensive
Center Left Wing Right Wing Defense Defense
Adam Lowry Ryan Nugent-Hopkins Zach Parise Rasmus Dahlin Jamie Oleksiak
Goaltenders
Starting : Stuart Skinner
Backup : Antti Raanta
Extra Forwards
Normal : Adam Lowry, Viktor Arvidsson, Jack Hughes - PP : Adam Lowry, Viktor Arvidsson - PK : Jack Hughes
Extra Defensemen
Normal : Neal Pionk, Sean Durzi, Jamie Oleksiak - PP : Neal Pionk - PK : Sean Durzi, Jamie Oleksiak
Penalty Shots
Ryan Nugent-Hopkins, Evgeni Malkin, Brock Nelson, Jeff Skinner, Jack Hughes
Boston Bruins
5 vs 5 Forward
Center Left Wing Right Wing Time % Phy DF OF
1 Pavel Zacha Brandon Hagel Anthony Beauvillier 30 1 2 2
2 David Krejci Luke Kunin John-Jason Peterka 30 1 2 2
3 Ryan Donato Joe Veleno Morgan Geekie 25 1 2 2
4 Curtis Hall Otto Koivula Jack Studnicka 15 1 2 2
5 vs 5 Defense
Defense Defense Time % Phy DF OF
1 Charlie McAvoy Tyson Barrie 35 1 2 2
2 Samuel Girard Cam York 35 1 2 2
3 Matt Grzelcyk Samuel Bolduc 30 1 2 2
4 Charlie McAvoy Tyson Barrie 0 1 2 2
PowerPlay Forward
Center Left Wing Right Wing Time % Phy DF OF
1 Pavel Zacha Brandon Hagel Anthony Beauvillier 50 1 2 2
2 David Krejci Luke Kunin John-Jason Peterka 50 1 2 2
PowerPlay Defense
Defense Defense Time % Phy DF OF
1 Charlie McAvoy Tyson Barrie 50 1 2 2
2 Samuel Girard Cam York 50 1 2 2
Penalty Kill 4 Players Forward
Center Wing Time % Phy DF OF
1 Brandon Hagel Pavel Zacha 50 1 2 2
2 David Krejci Anthony Beauvillier 50 1 2 2
Penalty Kill 4 Players Defense
Defense Defense Time % Phy DF OF
1 Charlie McAvoy Tyson Barrie 50 1 2 2
2 Samuel Girard Cam York 50 1 2 2
Penalty Kill - 3 Players Forward
Forward Time % Phy DF OF
1 Brandon Hagel 50 1 2 2
2 Pavel Zacha 50 1 2 2
Penalty Kill - 3 Players Defense
Defense Defense Time % Phy DF OF
1 Charlie McAvoy Tyson Barrie 50 1 2 2
2 Samuel Girard Cam York 50 1 2 2
4 vs 4 Forward
Center Wing Time % Phy DF OF
1 Brandon Hagel Pavel Zacha 50 1 2 2
2 David Krejci Anthony Beauvillier 50 1 2 2
4 vs 4 Defense
Defense Defense Time % Phy DF OF
1 Charlie McAvoy Tyson Barrie 50 1 2 2
2 Samuel Girard Cam York 50 1 2 2
Last Minutes Offensive
Center Left Wing Right Wing Defense Defense
Pavel Zacha Brandon Hagel Anthony Beauvillier Charlie McAvoy Tyson Barrie
Last Minutes Defensive
Center Left Wing Right Wing Defense Defense
Pavel Zacha Brandon Hagel Anthony Beauvillier Charlie McAvoy Tyson Barrie
Goaltenders
Starting : Pyotr Kochetkov
Backup : Leevi Merilainen
Extra Forwards
Normal : Curtis Hall, Ryan Donato, Joe Veleno - PP : Curtis Hall, Ryan Donato - PK : Joe Veleno
Extra Defensemen
Normal : Matt Grzelcyk, Samuel Bolduc, Samuel Girard - PP : Matt Grzelcyk - PK : Samuel Bolduc, Samuel Girard
Penalty Shots
Brandon Hagel, Pavel Zacha, David Krejci, Anthony Beauvillier, Luke Kunin
% Time on Ice - Minnesota North Stars
Lines # - Real PCT - Wanted PCT - Time Play
Normal Forward
1 - 29% - 30% - 12:47
2 - 26% - 29% - 11:26
3 - 27% - 29% - 11:53
4 - 18% - 12% - 8:05
Normal Defense
1 - 33% - 34% - 14:47
2 - 32% - 33% - 14:05
3 - 35% - 33% - 15:19
4 - 0% - 0% - 0:00
PP Forward
1 - 50% - 50% - 4:03
2 - 50% - 50% - 4:00
PP Defense
1 - 51% - 50% - 4:07
2 - 49% - 50% - 3:56
PK Forward
1 - 52% - 50% - 4:02
2 - 48% - 50% - 3:44
PK Defense
1 - 50% - 50% - 3:53
2 - 50% - 50% - 3:53
PK3 Forward
1 - 0% - 50%
2 - 0% - 50%
PK3 Defense
1 - 0% - 50%
2 - 0% - 50%
44 Forward
1 - 0% - 50%
2 - 0% - 50%
44 Defense
1 - 0% - 50%
2 - 0% - 50%
Last Minute Offensive - 0:00
Last Minute Defensive - 0:00
Total
Forward - 60:00
Defense - 60:00
|
% Time on Ice - Boston Bruins
Lines # - Real PCT - Wanted PCT - Time Play
Normal Forward
1 - 28% - 30% - 12:30
2 - 27% - 30% - 11:59
3 - 23% - 25% - 10:01
4 - 22% - 15% - 9:41
Normal Defense
1 - 35% - 35% - 15:34
2 - 35% - 35% - 15:24
3 - 28% - 30% - 12:21
4 - 2% - 0% - 0:52
PP Forward
1 - 47% - 50% - 3:40
2 - 53% - 50% - 4:06
PP Defense
1 - 53% - 50% - 4:09
2 - 47% - 50% - 3:37
PK Forward
1 - 49% - 50% - 3:59
2 - 51% - 50% - 4:04
PK Defense
1 - 55% - 50% - 4:25
2 - 45% - 50% - 3:38
PK3 Forward
1 - 0% - 50%
2 - 0% - 50%
PK3 Defense
1 - 0% - 50%
2 - 0% - 50%
44 Forward
1 - 0% - 50%
2 - 0% - 50%
44 Defense
1 - 0% - 50%
2 - 0% - 50%
Last Minute Offensive - 0:00
Last Minute Defensive - 0:00
Total
Forward - 60:00
Defense - 60:00
|
Play-by-Play
1st period
0:01 of 1st period - Ryan Nugent-Hopkins wins face-off versus Pavel Zacha in neutral zone.
0:35 of 1st period - Evgeni Malkin is hit by David Krejci and loses puck.
0:56 of 1st period - Slapshot by Joe Veleno.
0:56 of 1st period - Stopped by Stuart Skinner without a rebound.
0:57 of 1st period - Jonathan Toews wins face-off versus Ryan Donato in Minnesota North Stars zone.
1:12 of 1st period - Snap shot by Evan Rodrigues.
1:12 of 1st period - Stopped by Pyotr Kochetkov with a rebound.
1:38 of 1st period - Matt Grzelcyk is hit by Adam Lowry and loses puck.
3:15 of 1st period - Snap shot by Jack Hughes.
3:15 of 1st period - Stopped by Pyotr Kochetkov without a rebound.
3:16 of 1st period - David Krejci wins face-off versus Ryan Nugent-Hopkins in Boston Bruins zone.
3:55 of 1st period - Slapshot by Viktor Arvidsson.
3:55 of 1st period - Shot Misses the Net.
4:47 of 1st period - Wrist shot by Otto Koivula.
4:47 of 1st period - Shot Misses the Net.
5:16 of 1st period - Snap shot by Jack Hughes.
5:16 of 1st period - Shot Misses the Net.
5:18 of 1st period - Slapshot by Rasmus Dahlin.
5:18 of 1st period - Deflect By Viktor Arvidsson.
5:18 of 1st period - Shot Blocked by Matt Grzelcyk.
5:18 of 1st period - Puck is out of play.
5:19 of 1st period - Evgeni Malkin wins face-off versus David Krejci in Boston Bruins zone.
5:34 of 1st period - Backhand shot by David Krejci.
5:34 of 1st period - Shot Misses the Net.
5:44 of 1st period - Brandon Hagel is hit by Adam Lowry and loses puck.
6:00 of 1st period - Icing by Jack Hughes.
6:01 of 1st period - Ryan Nugent-Hopkins wins face-off versus Ryan Donato in Minnesota North Stars zone.
6:10 of 1st period - Snap shot by Ryan Nugent-Hopkins.
6:10 of 1st period - Shot Misses the Net.
6:12 of 1st period - Slapshot by Brock Nelson.
6:12 of 1st period - Shot Misses the Net.
6:50 of 1st period - Snap shot by Pavel Zacha.
6:50 of 1st period - Shot Misses the Net.
6:52 of 1st period - Slapshot by Charlie McAvoy.
6:52 of 1st period - Stopped by Stuart Skinner without a rebound.
6:53 of 1st period - Ryan Nugent-Hopkins wins face-off versus Pavel Zacha in Minnesota North Stars zone.
6:58 of 1st period - Snap shot by Jeff Skinner.
6:58 of 1st period - Shot Blocked by Matt Grzelcyk.
7:08 of 1st period - Snap shot by Ryan Nugent-Hopkins.
7:08 of 1st period - Shot Blocked by Pavel Zacha.
7:10 of 1st period - Snap shot by Jeff Skinner.
7:10 of 1st period - Shot Blocked by Brandon Hagel.
7:27 of 1st period - Slapshot by Brandon Hagel.
7:27 of 1st period - Shot Misses the Net.
7:43 of 1st period - Viktor Arvidsson is hit by Luke Kunin and loses puck.
7:52 of 1st period - Snap shot by David Krejci.
7:52 of 1st period - Shot Blocked by Viktor Arvidsson.
8:10 of 1st period - Snap shot by Evan Rodrigues.
8:10 of 1st period - Shot Blocked by Samuel Girard.
8:12 of 1st period - Slapshot by Rasmus Dahlin.
8:12 of 1st period - Deflect By Jonathan Toews.
8:12 of 1st period - Deflect By Ryan Donato.
8:12 of 1st period - Stopped by Pyotr Kochetkov with a rebound.
8:14 of 1st period - Slapshot by Eeli Tolvanen.
8:14 of 1st period - Shot Blocked by Cam York.
8:26 of 1st period - Gustav Forsling is hit by Otto Koivula and loses puck.
8:37 of 1st period - Slapshot by Tyson Barrie.
8:37 of 1st period - Deflect By Jack Studnicka.
8:37 of 1st period - Shot Misses the Net.
8:37 of 1st period - Puck is out of play.
8:38 of 1st period - Evgeni Malkin wins face-off versus David Krejci in Minnesota North Stars zone.
9:32 of 1st period - Wrist shot by Jeff Skinner.
9:32 of 1st period - Shot Misses the Net.
9:34 of 1st period - Slapshot by Ryan Nugent-Hopkins.
9:34 of 1st period - Stopped by Pyotr Kochetkov without a rebound.
9:35 of 1st period - David Krejci wins face-off versus Frank Vatrano in Boston Bruins zone.
9:44 of 1st period - Wrist shot by Frank Vatrano.
9:44 of 1st period - Shot Misses the Net.
9:48 of 1st period - Snap shot by Evgeni Malkin.
9:48 of 1st period - Stopped by Pyotr Kochetkov with a rebound.
9:50 of 1st period - Slapshot by Brandon Montour.
9:50 of 1st period - Shot Misses the Net.
10:00 of 1st period - Luke Kunin is hit by Jeff Skinner and loses puck.
10:52 of 1st period - Cam York is hit by Evan Rodrigues and loses puck.
11:23 of 1st period - Snap shot by Pavel Zacha.
11:23 of 1st period - Shot Misses the Net.
11:25 of 1st period - Wrist shot by Anthony Beauvillier.
11:25 of 1st period - Deflect By Brandon Hagel.
11:25 of 1st period - Stopped by Stuart Skinner without a rebound.
11:26 of 1st period - Pavel Zacha wins face-off versus Ryan Nugent-Hopkins in Minnesota North Stars zone.
11:33 of 1st period - Snap shot by Ryan Nugent-Hopkins.
11:33 of 1st period - Stopped by Pyotr Kochetkov without a rebound.
11:34 of 1st period - Anthony Beauvillier wins face-off versus Jack Hughes in Boston Bruins zone.
11:45 of 1st period - Wrist shot by Brandon Hagel.
11:45 of 1st period - Goal by Brandon Hagel - Minnesota North Stars : 0 - Boston Bruins : 1.
11:46 of 1st period - David Krejci wins face-off versus Jack Hughes in neutral zone.
12:11 of 1st period - Jamie Oleksiak is hit by Morgan Geekie and loses puck.
12:32 of 1st period - Snap shot by Jonathan Toews.
12:32 of 1st period - Shot Misses the Net.
12:38 of 1st period - Jonathan Toews is hit by Ryan Donato.
13:21 of 1st period - Minor Penalty to Brandon Montour for Holding.
13:22 of 1st period - Pavel Zacha wins face-off versus Zach Parise in Minnesota North Stars zone.
13:54 of 1st period - Wrist shot by John-Jason Peterka.
13:54 of 1st period - Shot Blocked by Rasmus Dahlin.
13:56 of 1st period - Wrist shot by Luke Kunin.
13:56 of 1st period - Shot Blocked by Jamie Oleksiak.
13:58 of 1st period - Snap shot by David Krejci.
13:58 of 1st period - Deflect By John-Jason Peterka.
13:58 of 1st period - Shot Misses the Net.
13:58 of 1st period - Puck is out of play.
13:59 of 1st period - Pavel Zacha wins face-off versus Jonathan Toews in Minnesota North Stars zone.
14:00 of 1st period - Slapshot by Anthony Beauvillier.
14:00 of 1st period - Deflect By Brandon Hagel.
14:00 of 1st period - Stopped by Stuart Skinner with a rebound.
14:14 of 1st period - Snap shot by Ryan Nugent-Hopkins.
14:14 of 1st period - Stopped by Pyotr Kochetkov without a rebound.
14:15 of 1st period - Jonathan Toews wins face-off versus Luke Kunin in Boston Bruins zone.
14:30 of 1st period - Wrist shot by Jonathan Toews.
14:30 of 1st period - Shot Blocked by Tyson Barrie.
15:21 of 1st period - Penalty to Brandon Montour is over, Brandon Montour is back on ice.
15:27 of 1st period - Wrist shot by Charlie McAvoy.
15:27 of 1st period - Stopped by Stuart Skinner without a rebound.
15:28 of 1st period - Evgeni Malkin wins face-off versus Ryan Donato in Minnesota North Stars zone.
15:28 of 1st period - Evgeni Malkin is hit by Ryan Donato.
15:38 of 1st period - Snap shot by Joe Veleno.
15:38 of 1st period - Shot Blocked by Sean Durzi.
15:40 of 1st period - Slapshot by Matt Grzelcyk.
15:40 of 1st period - Deflect By Evgeni Malkin.
15:40 of 1st period - Stopped by Stuart Skinner without a rebound.
15:41 of 1st period - Ryan Nugent-Hopkins wins face-off versus Pavel Zacha in Minnesota North Stars zone.
15:43 of 1st period - Icing by Brock Nelson.
15:44 of 1st period - Ryan Nugent-Hopkins wins face-off versus Pavel Zacha in Minnesota North Stars zone.
15:52 of 1st period - Off-side.
15:53 of 1st period - David Krejci wins face-off versus Jack Hughes in neutral zone.
16:00 of 1st period - Slapshot by Luke Kunin.
16:00 of 1st period - Shot Misses the Net.
16:06 of 1st period - Jack Hughes is hit by Luke Kunin.
17:06 of 1st period - Slapshot by Eeli Tolvanen.
17:06 of 1st period - Stopped by Pyotr Kochetkov with a rebound.
17:08 of 1st period - Wrist shot by Jonathan Toews.
17:08 of 1st period - Shot Blocked by Samuel Bolduc.
17:54 of 1st period - Slapshot by Charlie McAvoy.
17:54 of 1st period - Shot Misses the Net.
18:28 of 1st period - Slapshot by Tyson Barrie.
18:28 of 1st period - Stopped by Stuart Skinner with a rebound.
18:30 of 1st period - Slapshot by Charlie McAvoy.
18:30 of 1st period - Shot Misses the Net.
18:40 of 1st period - Wrist shot by Tyson Barrie.
18:40 of 1st period - Stopped by Stuart Skinner without a rebound.
18:41 of 1st period - Evgeni Malkin wins face-off versus Pavel Zacha in Minnesota North Stars zone.
18:43 of 1st period - Minor Penalty to Evgeni Malkin for High sticking.
18:44 of 1st period - David Krejci wins face-off versus Adam Lowry in Minnesota North Stars zone.
18:46 of 1st period - Snap shot by David Krejci.
18:46 of 1st period - Shot Blocked by Gustav Forsling.
Goals for this period are 0 for Minnesota North Stars vs 1 for Boston Bruins.
Shots for this period are 8 for Minnesota North Stars vs 9 for Boston Bruins.
2nd period
0:01 of 2nd period - Jonathan Toews wins face-off versus Pavel Zacha in neutral zone.
0:04 of 2nd period - Wrist shot by Jonathan Toews.
0:04 of 2nd period - Shot Misses the Net.
0:15 of 2nd period - Snap shot by Jonathan Toews.
0:15 of 2nd period - Stopped by Pyotr Kochetkov without a rebound.
0:16 of 2nd period - John-Jason Peterka wins face-off versus Adam Lowry in Boston Bruins zone.
0:43 of 2nd period - Penalty to Evgeni Malkin is over, Evgeni Malkin is back on ice.
1:14 of 2nd period - Samuel Bolduc is hit by Rasmus Dahlin and loses puck.
1:27 of 2nd period - Adam Lowry is hit by David Krejci.
2:11 of 2nd period - Snap shot by Jack Studnicka.
2:11 of 2nd period - Shot Misses the Net.
3:07 of 2nd period - Charlie McAvoy is hit by Evgeni Malkin.
3:21 of 2nd period - Slapshot by Charlie McAvoy.
3:21 of 2nd period - Deflect By Jonathan Toews.
3:21 of 2nd period - Stopped by Stuart Skinner without a rebound.
3:22 of 2nd period - Jonathan Toews wins face-off versus Curtis Hall in Minnesota North Stars zone.
3:22 of 2nd period - Jonathan Toews is hit by Curtis Hall.
3:48 of 2nd period - Cam York is hit by Ryan Nugent-Hopkins and loses puck.
4:44 of 2nd period - Wrist shot by Otto Koivula.
4:44 of 2nd period - Shot Misses the Net.
4:46 of 2nd period - Slapshot by Cam York.
4:46 of 2nd period - Deflect By Jonathan Toews.
4:46 of 2nd period - Stopped by Stuart Skinner with a rebound.
4:50 of 2nd period - Snap shot by Jack Studnicka.
4:50 of 2nd period - Stopped by Stuart Skinner with a rebound.
4:52 of 2nd period - Snap shot by Jack Studnicka.
4:52 of 2nd period - Stopped by Stuart Skinner with a rebound.
4:54 of 2nd period - Slapshot by Samuel Girard.
4:54 of 2nd period - Shot Misses the Net.
5:00 of 2nd period - Snap shot by Cam York.
5:00 of 2nd period - Shot Blocked by Sean Durzi.
5:14 of 2nd period - Otto Koivula is hit by Sean Durzi and loses puck.
5:18 of 2nd period - Icing by Samuel Girard.
5:19 of 2nd period - Evgeni Malkin wins face-off versus Curtis Hall in Boston Bruins zone.
6:20 of 2nd period - Wrist shot by Samuel Girard.
6:20 of 2nd period - Shot Misses the Net.
6:22 of 2nd period - Slapshot by Samuel Girard.
6:22 of 2nd period - Shot Misses the Net.
6:33 of 2nd period - Minor Penalty to Otto Koivula for Interference.
6:34 of 2nd period - Brandon Hagel wins face-off versus Jack Hughes in Boston Bruins zone.
6:50 of 2nd period - Icing by Jeff Skinner.
6:51 of 2nd period - David Krejci wins face-off versus Jack Hughes in Minnesota North Stars zone.
6:52 of 2nd period - Snap shot by Anthony Beauvillier.
6:52 of 2nd period - Shot Misses the Net.
6:54 of 2nd period - Wrist shot by David Krejci.
6:54 of 2nd period - Stopped by Stuart Skinner with a rebound.
6:56 of 2nd period - Wrist shot by David Krejci.
6:56 of 2nd period - Stopped by Stuart Skinner without a rebound.
6:57 of 2nd period - Evgeni Malkin wins face-off versus David Krejci in Minnesota North Stars zone.
7:47 of 2nd period - Charlie McAvoy is hit by Brock Nelson and loses puck.
7:52 of 2nd period - Wrist shot by Jack Hughes.
7:52 of 2nd period - Stopped by Pyotr Kochetkov without a rebound.
7:53 of 2nd period - Brandon Hagel wins face-off versus Evgeni Malkin in Boston Bruins zone.
8:33 of 2nd period - Penalty to Otto Koivula is over, Otto Koivula is back on ice.
8:45 of 2nd period - Slapshot by Ryan Donato.
8:45 of 2nd period - Stopped by Stuart Skinner with a rebound.
8:47 of 2nd period - Wrist shot by Morgan Geekie.
8:47 of 2nd period - Shot Hit the Post.
8:49 of 2nd period - Slapshot by Charlie McAvoy.
8:49 of 2nd period - Shot Blocked by Brandon Montour.
8:56 of 2nd period - Icing by Brandon Montour.
8:57 of 2nd period - Jack Hughes wins face-off versus David Krejci in Minnesota North Stars zone.
9:09 of 2nd period - Snap shot by Viktor Arvidsson.
9:09 of 2nd period - Stopped by Pyotr Kochetkov with a rebound.
9:11 of 2nd period - Wrist shot by Adam Lowry.
9:11 of 2nd period - Shot Misses the Net.
9:13 of 2nd period - Wrist shot by Viktor Arvidsson.
9:13 of 2nd period - Shot Misses the Net.
9:25 of 2nd period - Snap shot by Frank Vatrano.
9:25 of 2nd period - Shot Blocked by Luke Kunin.
9:31 of 2nd period - Slapshot by Frank Vatrano.
9:31 of 2nd period - Shot Blocked by Matt Grzelcyk.
9:33 of 2nd period - Snap shot by Zach Parise.
9:33 of 2nd period - Shot Blocked by David Krejci.
9:35 of 2nd period - Slapshot by Sean Durzi.
9:35 of 2nd period - Shot Misses the Net.
9:54 of 2nd period - Snap shot by Jeff Skinner.
9:54 of 2nd period - Stopped by Pyotr Kochetkov without a rebound.
9:55 of 2nd period - Ryan Donato wins face-off versus Evgeni Malkin in Boston Bruins zone.
10:05 of 2nd period - Slapshot by Evgeni Malkin.
10:05 of 2nd period - Shot Misses the Net.
10:09 of 2nd period - Wrist shot by Evgeni Malkin.
10:09 of 2nd period - Stopped by Pyotr Kochetkov with a rebound.
10:11 of 2nd period - Snap shot by Rasmus Dahlin.
10:11 of 2nd period - Deflect By Evgeni Malkin.
10:11 of 2nd period - Stopped by Pyotr Kochetkov with a rebound.
10:21 of 2nd period - Ryan Nugent-Hopkins is hit by Pavel Zacha and loses puck.
10:42 of 2nd period - Snap shot by Jonathan Toews.
10:42 of 2nd period - Shot Hit the Post.
10:44 of 2nd period - Wrist shot by Brandon Montour.
10:44 of 2nd period - Shot Misses the Net.
10:46 of 2nd period - Slapshot by Brandon Montour.
10:46 of 2nd period - Stopped by Pyotr Kochetkov without a rebound.
10:47 of 2nd period - Jonathan Toews wins face-off versus David Krejci in Boston Bruins zone.
11:14 of 2nd period - Ryan Donato is hit by Gustav Forsling and loses puck.
13:04 of 2nd period - Slapshot by Tyson Barrie.
13:04 of 2nd period - Shot Misses the Net.
13:06 of 2nd period - Slapshot by Charlie McAvoy.
13:06 of 2nd period - Shot Blocked by Brandon Montour.
13:10 of 2nd period - Slapshot by Tyson Barrie.
13:10 of 2nd period - Shot Blocked by Brandon Montour.
13:30 of 2nd period - Snap shot by Ryan Nugent-Hopkins.
13:30 of 2nd period - Shot Misses the Net.
14:26 of 2nd period - Snap shot by John-Jason Peterka.
14:26 of 2nd period - Shot Blocked by Evgeni Malkin.
14:34 of 2nd period - Otto Koivula is hit by Evgeni Malkin and loses puck.
15:05 of 2nd period - Slapshot by Luke Kunin.
15:05 of 2nd period - Goal by Luke Kunin - Minnesota North Stars : 0 - Boston Bruins : 2.
15:06 of 2nd period - Jack Hughes wins face-off versus Pavel Zacha in neutral zone.
15:19 of 2nd period - Snap shot by Jack Hughes.
15:19 of 2nd period - Stopped by Pyotr Kochetkov with a rebound.
15:21 of 2nd period - Slapshot by Jamie Oleksiak.
15:21 of 2nd period - Shot Blocked by Pavel Zacha.
16:28 of 2nd period - Icing by Cam York.
16:29 of 2nd period - Ryan Nugent-Hopkins wins face-off versus Ryan Donato in Boston Bruins zone.
16:37 of 2nd period - Icing by Morgan Geekie.
16:38 of 2nd period - Ryan Nugent-Hopkins wins face-off versus Ryan Donato in Boston Bruins zone.
16:45 of 2nd period - Snap shot by Brock Nelson.
16:45 of 2nd period - Deflect By Ryan Nugent-Hopkins.
16:45 of 2nd period - Shot Misses the Net.
16:45 of 2nd period - Puck is out of play.
16:46 of 2nd period - Evgeni Malkin wins face-off versus David Krejci in Boston Bruins zone.
16:47 of 2nd period - Snap shot by Zach Parise.
16:47 of 2nd period - Shot Misses the Net.
16:49 of 2nd period - Wrist shot by Rasmus Dahlin.
16:49 of 2nd period - Stopped by Pyotr Kochetkov without a rebound.
16:50 of 2nd period - Evgeni Malkin wins face-off versus Luke Kunin in Boston Bruins zone.
16:57 of 2nd period - Backhand shot by Frank Vatrano.
16:57 of 2nd period - Deflect By Evgeni Malkin.
16:57 of 2nd period - Shot Misses the Net.
16:57 of 2nd period - Puck is out of play.
16:58 of 2nd period - Pavel Zacha wins face-off versus Jack Hughes in Boston Bruins zone.
16:58 of 2nd period - Pavel Zacha is hit by Rasmus Dahlin.
17:31 of 2nd period - Slapshot by Charlie McAvoy.
17:31 of 2nd period - Stopped by Stuart Skinner with a rebound.
17:33 of 2nd period - Wrist shot by John-Jason Peterka.
17:33 of 2nd period - Shot Misses the Net.
18:09 of 2nd period - Snap shot by Eeli Tolvanen.
18:09 of 2nd period - Stopped by Pyotr Kochetkov with a rebound.
18:56 of 2nd period - Wrist shot by John-Jason Peterka.
18:56 of 2nd period - Stopped by Stuart Skinner with a rebound.
18:58 of 2nd period - Snap shot by John-Jason Peterka.
18:58 of 2nd period - Stopped by Stuart Skinner without a rebound.
18:59 of 2nd period - David Krejci wins face-off versus Ryan Nugent-Hopkins in Minnesota North Stars zone.
19:00 of 2nd period - Slapshot by Charlie McAvoy.
19:00 of 2nd period - Stopped by Stuart Skinner without a rebound.
19:01 of 2nd period - David Krejci wins face-off versus Ryan Nugent-Hopkins in Minnesota North Stars zone.
19:33 of 2nd period - Minor Penalty to Neal Pionk for Holding.
19:34 of 2nd period - Jonathan Toews wins face-off versus David Krejci in Minnesota North Stars zone.
19:47 of 2nd period - Snap shot by John-Jason Peterka.
19:47 of 2nd period - Shot Blocked by Gustav Forsling.
19:49 of 2nd period - Snap shot by John-Jason Peterka.
19:49 of 2nd period - Shot Misses the Net.
Goals for this period are 0 for Minnesota North Stars vs 1 for Boston Bruins.
Shots for this period are 10 for Minnesota North Stars vs 12 for Boston Bruins.
3rd period
0:01 of 3rd period - Jonathan Toews wins face-off versus Pavel Zacha in neutral zone.
0:10 of 3rd period - Slapshot by Tyson Barrie.
0:10 of 3rd period - Stopped by Stuart Skinner with a rebound.
0:12 of 3rd period - Wrist shot by Charlie McAvoy.
0:12 of 3rd period - Shot Blocked by Rasmus Dahlin.
0:14 of 3rd period - Slapshot by Tyson Barrie.
0:14 of 3rd period - Shot Blocked by Zach Parise.
0:16 of 3rd period - Wrist shot by Charlie McAvoy.
0:16 of 3rd period - Shot Blocked by Jamie Oleksiak.
0:26 of 3rd period - Charlie McAvoy is hit by Adam Lowry.
0:30 of 3rd period - Slapshot by Ryan Nugent-Hopkins.
0:30 of 3rd period - Stopped by Pyotr Kochetkov without a rebound.
0:31 of 3rd period - Adam Lowry wins face-off versus David Krejci in Boston Bruins zone.
0:53 of 3rd period - Slapshot by Sean Durzi.
0:53 of 3rd period - Shot Blocked by Pavel Zacha.
1:33 of 3rd period - Penalty to Neal Pionk is over, Neal Pionk is back on ice.
1:34 of 3rd period - Sean Durzi is hit by Pavel Zacha and loses puck.
1:41 of 3rd period - Slapshot by Gustav Forsling.
1:41 of 3rd period - Shot Blocked by Charlie McAvoy.
1:44 of 3rd period - Icing by Morgan Geekie.
1:45 of 3rd period - Ryan Donato wins face-off versus Evgeni Malkin in Boston Bruins zone.
1:52 of 3rd period - Slapshot by Tyson Barrie.
1:52 of 3rd period - Stopped by Stuart Skinner with a rebound.
1:54 of 3rd period - Slapshot by Tyson Barrie.
1:54 of 3rd period - Stopped by Stuart Skinner with a rebound.
1:56 of 3rd period - Wrist shot by Joe Veleno.
1:56 of 3rd period - Shot Misses the Net.
1:58 of 3rd period - Wrist shot by Joe Veleno.
1:58 of 3rd period - Goal by Joe Veleno - Minnesota North Stars : 0 - Boston Bruins : 3.
1:59 of 3rd period - Pavel Zacha wins face-off versus Jack Hughes in neutral zone.
2:24 of 3rd period - Ryan Nugent-Hopkins is hit by Charlie McAvoy and loses puck.
2:31 of 3rd period - Snap shot by Luke Kunin.
2:31 of 3rd period - Shot Misses the Net.
3:09 of 3rd period - Adam Lowry is hit by Matt Grzelcyk and loses puck.
3:14 of 3rd period - Wrist shot by Otto Koivula.
3:14 of 3rd period - Shot Hit the Post.
3:16 of 3rd period - Wrist shot by Otto Koivula.
3:16 of 3rd period - Shot Misses the Net.
3:18 of 3rd period - Snap shot by Matt Grzelcyk.
3:18 of 3rd period - Deflect By Otto Koivula.
3:18 of 3rd period - Stopped by Stuart Skinner with a rebound.
3:32 of 3rd period - Slapshot by Rasmus Dahlin.
3:32 of 3rd period - Stopped by Pyotr Kochetkov with a rebound.
3:34 of 3rd period - Slapshot by Eeli Tolvanen.
3:34 of 3rd period - Stopped by Pyotr Kochetkov without a rebound.
3:35 of 3rd period - David Krejci wins face-off versus Jonathan Toews in Boston Bruins zone.
3:35 of 3rd period - David Krejci is hit by Jonathan Toews.
4:00 of 3rd period - Minor Penalty to Luke Kunin for Hooking.
4:01 of 3rd period - David Krejci wins face-off versus Evgeni Malkin in Boston Bruins zone.
4:06 of 3rd period - Wrist shot by David Krejci.
4:06 of 3rd period - Stopped by Stuart Skinner with a rebound.
4:16 of 3rd period - Wrist shot by Ryan Nugent-Hopkins.
4:16 of 3rd period - Shot Misses the Net.
4:18 of 3rd period - Wrist shot by Sean Durzi.
4:18 of 3rd period - Shot Blocked by David Krejci.
6:00 of 3rd period - Penalty to Luke Kunin is over, Luke Kunin is back on ice.
6:14 of 3rd period - Slapshot by Tyson Barrie.
6:14 of 3rd period - Deflect By Curtis Hall.
6:14 of 3rd period - Shot Blocked by Rasmus Dahlin.
6:14 of 3rd period - Puck is out of play.
6:15 of 3rd period - Curtis Hall wins face-off versus Jonathan Toews in Minnesota North Stars zone.
7:24 of 3rd period - Snap shot by Cam York.
7:24 of 3rd period - Stopped by Stuart Skinner without a rebound.
7:25 of 3rd period - David Krejci wins face-off versus Jack Hughes in Minnesota North Stars zone.
7:31 of 3rd period - Minor Penalty to Sean Durzi for Holding.
7:32 of 3rd period - Jonathan Toews wins face-off versus Pavel Zacha in Minnesota North Stars zone.
7:48 of 3rd period - Slapshot by Charlie McAvoy.
7:48 of 3rd period - Goal by Charlie McAvoy - Minnesota North Stars : 0 - Boston Bruins : 4.
7:49 of 3rd period - Pavel Zacha wins face-off versus Jeff Skinner in neutral zone.
8:22 of 3rd period - Double Minor Penalty to Luke Kunin for Roughing.
8:23 of 3rd period - Evgeni Malkin wins face-off versus Brandon Hagel in Boston Bruins zone.
8:27 of 3rd period - Snap shot by Evgeni Malkin.
8:27 of 3rd period - Shot Blocked by Cam York.
8:29 of 3rd period - Slapshot by Evgeni Malkin.
8:29 of 3rd period - Goal by Evgeni Malkin - Minnesota North Stars : 1 - Boston Bruins : 4.
8:30 of 3rd period - Evgeni Malkin wins face-off versus Anthony Beauvillier in neutral zone.
9:09 of 3rd period - Snap shot by Brock Nelson.
9:09 of 3rd period - Deflect By Brandon Hagel.
9:09 of 3rd period - Shot Misses the Net.
9:09 of 3rd period - Puck is out of play.
9:10 of 3rd period - Brandon Hagel wins face-off versus Evgeni Malkin in Boston Bruins zone.
9:10 of 3rd period - Brandon Hagel is hit by Sean Durzi.
9:22 of 3rd period - David Krejci is hit by Evgeni Malkin and loses puck.
9:35 of 3rd period - Sean Durzi is hit by Charlie McAvoy and loses puck.
10:29 of 3rd period - Penalty to Luke Kunin is over, Luke Kunin is back on ice.
10:42 of 3rd period - Slapshot by Cam York.
10:42 of 3rd period - Stopped by Stuart Skinner without a rebound.
10:43 of 3rd period - Eeli Tolvanen wins face-off versus Ryan Donato in Minnesota North Stars zone.
10:45 of 3rd period - Minor Penalty to Evan Rodrigues for Tripping.
10:46 of 3rd period - Jonathan Toews wins face-off versus David Krejci in Minnesota North Stars zone.
10:54 of 3rd period - Snap shot by Luke Kunin.
10:54 of 3rd period - Shot Misses the Net.
10:56 of 3rd period - Slapshot by Cam York.
10:56 of 3rd period - Shot Blocked by Gustav Forsling.
10:58 of 3rd period - Slapshot by Samuel Girard.
10:58 of 3rd period - Deflect By David Krejci.
10:58 of 3rd period - Shot Misses the Net.
10:58 of 3rd period - Puck is out of play.
10:59 of 3rd period - David Krejci wins face-off versus Jonathan Toews in Minnesota North Stars zone.
11:02 of 3rd period - Snap shot by Luke Kunin.
11:02 of 3rd period - Shot Hit the Post.
11:04 of 3rd period - Slapshot by Cam York.
11:04 of 3rd period - Shot Misses the Net.
11:14 of 3rd period - Wrist shot by Luke Kunin.
11:14 of 3rd period - Shot Misses the Net.
11:33 of 3rd period - Slapshot by Charlie McAvoy.
11:33 of 3rd period - Stopped by Stuart Skinner with a rebound.
12:01 of 3rd period - Slapshot by Tyson Barrie.
12:01 of 3rd period - Goal by Tyson Barrie - Minnesota North Stars : 1 - Boston Bruins : 5.
12:02 of 3rd period - David Krejci wins face-off versus Evgeni Malkin in neutral zone.
12:07 of 3rd period - Snap shot by David Krejci.
12:07 of 3rd period - Goal by David Krejci - Minnesota North Stars : 1 - Boston Bruins : 6.
12:08 of 3rd period - Jack Hughes wins face-off versus Pavel Zacha in neutral zone.
12:17 of 3rd period - Snap shot by Viktor Arvidsson.
12:17 of 3rd period - Shot Misses the Net.
12:47 of 3rd period - Snap shot by Evgeni Malkin.
12:47 of 3rd period - Stopped by Pyotr Kochetkov without a rebound.
12:48 of 3rd period - Ryan Nugent-Hopkins wins face-off versus Pavel Zacha in Boston Bruins zone.
12:57 of 3rd period - Slapshot by Jeff Skinner.
12:57 of 3rd period - Stopped by Pyotr Kochetkov with a rebound.
13:24 of 3rd period - Slapshot by Rasmus Dahlin.
13:24 of 3rd period - Stopped by Pyotr Kochetkov with a rebound.
13:36 of 3rd period - Slapshot by Evan Rodrigues.
13:36 of 3rd period - Shot Blocked by John-Jason Peterka.
13:50 of 3rd period - Sean Durzi is hit by Luke Kunin.
14:18 of 3rd period - Minor Penalty to Charlie McAvoy for Hooking.
14:19 of 3rd period - Brandon Hagel wins face-off versus Jack Hughes in Boston Bruins zone.
14:19 of 3rd period - Brandon Hagel is hit by Jeff Skinner.
14:30 of 3rd period - Off-side.
14:31 of 3rd period - Evgeni Malkin wins face-off versus Brandon Hagel in neutral zone.
14:36 of 3rd period - Samuel Girard is hit by Sean Durzi and loses puck.
15:29 of 3rd period - Wrist shot by Anthony Beauvillier.
15:29 of 3rd period - Deflect By Brandon Hagel.
15:29 of 3rd period - Stopped by Stuart Skinner with a rebound.
16:18 of 3rd period - Penalty to Charlie McAvoy is over, Charlie McAvoy is back on ice.
16:31 of 3rd period - Tyson Barrie is hit by Sean Durzi and loses puck.
16:48 of 3rd period - Joe Veleno is hit by Viktor Arvidsson and loses puck.
17:19 of 3rd period - Backhand shot by Otto Koivula.
17:19 of 3rd period - Stopped by Stuart Skinner with a rebound.
17:21 of 3rd period - Wrist shot by Curtis Hall.
17:21 of 3rd period - Shot Misses the Net.
17:23 of 3rd period - Slapshot by Samuel Bolduc.
17:23 of 3rd period - Stopped by Stuart Skinner with a rebound.
17:25 of 3rd period - Snap shot by Curtis Hall.
17:25 of 3rd period - Stopped by Stuart Skinner without a rebound.
17:26 of 3rd period - Jack Hughes wins face-off versus Curtis Hall in Minnesota North Stars zone.
17:37 of 3rd period - Off-side.
17:38 of 3rd period - Ryan Nugent-Hopkins wins face-off versus Pavel Zacha in neutral zone.
17:55 of 3rd period - Wrist shot by Jeff Skinner.
17:55 of 3rd period - Stopped by Pyotr Kochetkov with a rebound.
18:50 of 3rd period - Wrist shot by Brandon Hagel.
18:50 of 3rd period - Stopped by Stuart Skinner without a rebound.
18:50 of 3rd period - Minor Penalty to Stuart Skinner for Delaying the game.
18:51 of 3rd period - Zach Parise wins face-off versus David Krejci in Minnesota North Stars zone.
19:06 of 3rd period - Wrist shot by David Krejci.
19:06 of 3rd period - Goal by David Krejci - Minnesota North Stars : 1 - Boston Bruins : 7.
19:07 of 3rd period - Evgeni Malkin wins face-off versus David Krejci in neutral zone.
19:16 of 3rd period - Zach Parise is hit by Luke Kunin and loses puck.
19:37 of 3rd period - Wrist shot by Brandon Hagel.
19:37 of 3rd period - Shot Misses the Net.
19:39 of 3rd period - Wrist shot by Anthony Beauvillier.
19:39 of 3rd period - Shot Misses the Net.
19:41 of 3rd period - Slapshot by Anthony Beauvillier.
19:41 of 3rd period - Stopped by Stuart Skinner with a rebound.
19:43 of 3rd period - Slapshot by Tyson Barrie.
19:43 of 3rd period - Stopped by Stuart Skinner without a rebound.
19:44 of 3rd period - Ryan Nugent-Hopkins wins face-off versus David Krejci in Minnesota North Stars zone.
19:49 of 3rd period - Jeff Skinner is hit by David Krejci and loses puck.
19:54 of 3rd period - Wrist shot by John-Jason Peterka.
19:54 of 3rd period - Deflect By David Krejci.
19:54 of 3rd period - Shot Blocked by Gustav Forsling.
19:54 of 3rd period - Puck is out of play.
19:55 of 3rd period - David Krejci wins face-off versus Evgeni Malkin in Minnesota North Stars zone.
Goals for this period are 1 for Minnesota North Stars vs 5 for Boston Bruins.
Shots for this period are 8 for Minnesota North Stars vs 20 for Boston Bruins.
Back to the Top